 Dungeon Crawl Stone Soup version 0.26-a0-651-gb41185065b (webtiles) character file.

Game seed: 7541049488884566918

116 Irenicus the Digger (level 4, -1/36 HPs)
             Began as a Deep Dwarf Earth Elementalist on Oct 4, 2020.
             Killed by divine providence
             ... invoked by an orc priest
              (10 damage)
             ... on level 3 of the Dungeon.
             The game lasted 00:07:29 (1067 turns).

Irenicus the Digger (Deep Dwarf Earth Elementalist) Turns: 1067, Time: 00:07:30

Health: -1/36      AC:  5    Str: 10 (12) XL:     4   Next: 70%
Magic:  0/6        EV: 10    Int: 13 (16) God:
Gold:   98         SH:  0    Dex: 10 (13) Spells: 3/6 levels left

rFire    . . .     SeeInvis .   a - +0 spear
rCold    . . .     Faith    .   (no shield)
rNeg     . . .     Spirit   .   i - +0 ring mail
rPois    .         Reflect  .   (no helmet)
rElec    .         Harm     .   (no cloak)
rCorr    .         Rampage  .   (no gloves)
MR       .....                  (no boots)
Stlth    +.........             (no amulet)
HPRegen  0.00/turn              (no ring)
MPRegen  0.10/turn              (no ring)

@: non-regenerating
A: damage resistance, heal wounds, sense surroundings 1, no regeneration
a: Heal Wounds


You were on level 3 of the Dungeon.
You visited 1 branch of the dungeon, and saw 3 of its levels.

You collected 98 gold pieces.

Inventory:

Hand Weapons
 a - a +0 spear (weapon)
   (You found it on level 1 of the Dungeon)
Missiles
 b - 95 stones (quivered)
Armour
 f - a +0 leather armour
   (You found it on level 1 of the Dungeon)
 i - a +0 ring mail (worn)
   (You found it on level 2 of the Dungeon)
Scrolls
 c - 2 scrolls of identify {unknown}
 d - a scroll of magic mapping {unknown}
 h - a scroll of teleportation {unknown}
 k - a scroll of remove curse {unknown}
 m - a scroll of fog {unknown}
Potions
 e - a potion of brilliance {unknown}
 g - a potion of stabbing {unknown}
 l - a potion of lignification {unknown}


   Skills:
 - Level 2.1 Dodging
 - Level 2.4 Stealth
 - Level 1.7 Spellcasting
 - Level 0.8 Transmutations
 + Level 7.3 Earth Magic


You had 3 spell levels left.
You knew the following spells:

 Your Spells              Type           Power        Failure   Level
a - Sandblast             Erth           ###...       3%          1
w - Passwall              Tmut/Erth      ##......     19%         2

Your spell library contained the following spells:

 Spells                   Type           Power        Failure   Level
 Stone Arrow              Conj/Erth      ##....       41%         3
 Lee's Rapid Deconstruct  Erth           ###.......   67%         5
 Petrify                  Tmut/Erth      ##......     77%         4


Dungeon Overview and Level Annotations

Branches:
Dungeon (3/15)

Altars:
Nemelex Xobeh
Qazlal

Annotations:
D:3 Robin


Innate Abilities, Weirdness & Mutations

You are resistant to damage.
You can heal yourself by infusing magical energy.
You passively map a small area around you.
You do not regenerate.


Message History

There is a stone staircase leading up here.
Casting: Sandblast (safe; 2% risk of failure)
Confirm with . or Enter, or press ? or * to list all spells.
Aiming: Sandblast (safe; 2% risk of failure)
Press: ? - help, Shift-Dir - straight line, f - hobgoblin
Aim: a hobgoblin (strong)
The blast of sand hits the hobgoblin!
You kill the hobgoblin!
b - 98 stones A goblin comes into view. It is wielding a +0 dagger.
You climb upwards.
There is a stone staircase leading down here.
There is a stone staircase leading down here.
You climb downwards.
Level annotation: Robin
There is a stone staircase leading up here.
m - a scroll labeled UGYZXOXICA
Casting: Sandblast (safe; 2% risk of failure)
Confirm with . or Enter, or press ? or * to list all spells.
Press: ? - help, Dir - move target cursor A rock wall.
You miscast Passwall.
You are very lightly contaminated with residual magic.
Nothing appears to happen.
You now have 3/6 mp.
Casting: Passwall (safe; 14% risk of failure)
Confirm with . or Enter, or press ? or * to list all spells.
Press: ? - help, Dir - move target cursor A rock wall.
You begin to meditate on the wall.
You continue meditating on the rock. x2
You finish merging with the rock.
You now have 1/6 mp.
An orc priest comes into view. It is wielding a +0 club.
A frilled lizard and 2 orcs come into view.
The frilled lizard hisses angrily.
An orc comes into view. It is wielding a +0 hand axe.
Your magical contamination has completely faded away.
Casting: Passwall (safe; 14% risk of failure)
Confirm with . or Enter, or press ? or * to list all spells.
Aiming: Sandblast (safe; 2% risk of failure)
Press: ? - help, Shift-Dir - straight line, f - orc priest
Aim: an orc priest, wielding a +0 club and wearing a +0 leather armour The blast of sand hits the orc priest.
The orc priest is moderately wounded.
b - 97 stones The orc shouts!
You now have 1/6 mp.
Casting: Sandblast (safe; 2% risk of failure)
Confirm with . or Enter, or press ? or * to list all spells.
Aiming: Sandblast (safe; 2% risk of failure)
Press: ? - help, Shift-Dir - straight line, f/p - orc priest
Aim: an orc priest, wielding a +0 club and wearing a +0 leather armour (moderately wounded)
The blast of sand hits the orc priest.
The orc priest is severely wounded.
b - 96 stones The orc priest hits you but does no damage.
You now have 0/6 mp.
Casting: Sandblast (safe; 2% risk of failure)
Confirm with . or Enter, or press ? or * to list all spells.
You don't have enough magic to cast that spell.
You hit the orc priest but do no damage.
The orc priest is severely wounded.
The orc priest looks encouraged for a moment.
You hit the orc priest but do no damage.
The orc priest is severely wounded.
The orc priest hits you but does no damage.
You hit the orc priest but do no damage.
The orc priest is severely wounded.
The orc priest closely misses you.
You hit the orc priest but do no damage.
The orc priest is severely wounded.
Attack whom?
Press: ? - help, Dir - move target cursor, f/p - orc priest
Aim: an orc priest, wielding a +0 club and wearing a +0 leather armour (severely wounded)
You reach to attack!
You closely miss the orc priest.
The orc priest is severely wounded.
The orc priest calls down the wrath of Beogh upon you.
Beogh smites you!
You take 9 damage, and have 20/36 hp.
MASSIVE DAMAGE!!
Casting: Sandblast (safe; 2% risk of failure)
Confirm with . or Enter, or press ? or * to list all spells.
Aiming: Sandblast (safe; 2% risk of failure)
Press: ? - help, Shift-Dir - straight line, f/p - orc priest
Aim: an orc priest, wielding a +0 club and wearing a +0 leather armour (severely wounded)
The blast of sand misses the orc priest.
b - 95 stones The orc hits you with a +0 hand axe.
You take 1 damage, and have 19/36 hp.
You now have 0/6 mp.
The orc priest invokes the aid of Beogh against you.
Beogh smites you!
* * * LOW HITPOINT WARNING * * *
You take 10 damage, and have 9/36 hp.
MASSIVE DAMAGE!!
Evoke which item? (* to show all) (? for menu, Esc to quit)
Okay, then.
It was a potion of degeneration.
There was something very wrong with that liquid.
You feel weakened.
You feel dopey.
You feel clumsy.
The orc priest invokes the aid of Beogh against you.
Beogh smites you!
You die...

## #### ......# *
### ....#.#. ..
....... #.####
##..#.#, #....#
....#.# ....#
......# ...* ....#
#.#
....############@###
##.#.....#.....o...#
#.#....[#.###l#o#.#
#.......#.# #.#o#.#
###.....#.# ...o# #
.).#.[...#.##..#.#,
##.#######.##.....,
* *** #.......##
####.####


You could see an orc priest, 3 orcs and a frilled lizard.

Vanquished Creatures
  Ijyb (D:3)
  2 adders (D:2)
  A gnoll (D:1)
  A worm (D:2)
  A dart slug (D:2)
  2 leopard geckos
  A ball python (D:1)
  4 bats
  2 giant cockroaches (D:1)
  11 goblins
  8 hobgoblins
  3 jackals (D:2)
  4 frilled lizards
  6 kobolds
  5 rats
52 creatures vanquished.

Notes
Turn   | Place    | Note
-------+----------+-------------------------------------------
     0 | D:1      | Irenicus the Deep Dwarf Earth Elementalist began the quest
                  | for the Orb.
     0 | D:1      | Reached XP level 1. HP: 15/15 MP: 3/3
   190 | D:1      | Reached skill level 5 in Earth Magic
   190 | D:1      | Reached XP level 2. HP: 22/22 MP: 0/4
   422 | D:1      | Reached XP level 3. HP: 26/28 MP: 0/5
   464 | D:1      | Learned a level 2 spell: Passwall
   677 | D:2      | Reached skill level 6 in Earth Magic
   759 | D:2      | Reached XP level 4. HP: 33/36 MP: 2/6
   917 | D:3      | Found a stormy altar of Qazlal.
   917 | D:3      | Noticed Ijyb
   945 | D:3      | Killed Ijyb
   945 | D:3      | Reached skill level 7 in Earth Magic
   957 | D:3      | Found a sparkling altar of Nemelex Xobeh.
   995 | D:3      | Noticed Robin
  1066 | D:3      | HP: 9/36 [orc priest/divine providence (10)]
  1067 | D:3      | Killed from afar by an orc priest

Illustrated notes

Levels and vault maps discovered:
D:1:      psy_arrival_conway, layout_loops_ring
D:2:      layout_rooms
D:3:      layout_loops_cross, minitemple,
          chequers_ecumenical_altar_simple_redux, eino_tiny_chamber,
          minmay_goblin_outpost, uniq_terence, uniq_ijyb, uniq_robin,
          uniq_jessica

Skill      XL: |  1  2  3  4 |
---------------+-------------+-----
Earth Magic    | 5 6 7 |  7.3
Dodging        | |  2.1
Stealth        | |  2.4
Spellcasting   | |  1.7
Transmutations | |  0.8

Action                   |  1- 3 |  4- 6 || total
-------------------------+-------+-------++-------
Melee: Spear             |    39 |    38 ||    77
 Cast: Sandblast         |    36 |    22 ||    58
       Passwall          |     1 |     2 ||     3
  Use: Potion            |       |     1 ||     1
 Stab: Sleeping          |     5 |     1 ||     6
Armor: Robe              |     2 |       ||     2
       Leather armour    |     7 |     1 ||     8
       Ring mail         |       |    19 ||    19
Dodge: Dodged            |    28 |    42 ||    70

Table legend: (Time is in decaauts)
 A = Elapsed time spent in this place.
 B = Non-inter-level travel time spent in this place.
 C = Inter-level travel time spent in this place.
 D = Time resting spent in this place.
 E = Time spent auto-exploring this place.
 F = Levels seen in this place.
 G = Mean time per level.
                   A        B        C        D        E       F      G
               +--------+--------+--------+--------+--------+-----+--------+
         Total |   1076 |   1048 |     28 |      0 |      0 |   3 |  358.7 |
       Dungeon |   1076 |   1048 |     28 |      0 |      0 |   3 |  358.7 |
               +--------+--------+--------+--------+--------+-----+--------+

Top non-repeatable levels by time:
     D:1: 545 daAuts
     D:2: 404 daAuts
     D:3: 127 daAuts

Table legend:
 A = Kills in this place as a percentage of kills in entire the game.
 B = Kills by you in this place as a percentage of kills by you in the entire game.
 C = Kills by friends in this place as a percentage of kills by friends in the entire game.
 D = Other kills in this place as a percentage of other kills in the entire game.
 E = Experience gained in this place as a percentage of experience gained in the entire game.
 F = Experience gained in this place divided by the number of levels of this place that you have seen.
                   A       B       C       D       E      F
               +-------+-------+-------+-------+-------+----------------------
         Total | 100.0 | 100.0 |   N/A |   N/A | 100.0 |  55.7
       Dungeon | 100.0 | 100.0 |   N/A |   N/A | 100.0 |  55.7
               +-------+-------+-------+-------+-------+----------------------
